 Dungeon Crawl Stone Soup version 0.26-a0-1205-g4083c211ab (webtiles) character file.

Game seed: 5617963999815206

86 jestyr24 the Grave Robber (level 4, 0/35 HPs)
             Began as a Ghoul Necromancer on Dec 30, 2020.
             Slain by a hound (3 damage)
             ... on level 4 of the Dungeon.
             The game lasted 00:11:05 (1626 turns).

jestyr24 the Grave Robber (Ghoul Necromancer)       Turns: 1626, Time: 00:11:06

Health: 0/35       AC:  3    Str: 12    XL:     4   Next: 50%
Magic:  5/6        EV: 12    Int: 10    God:
Gold:   94         SH:  0    Dex:  9    Spells: 6/7 levels left

rFire    . . .     SeeInvis .     - Unarmed
rCold    + . .     Faith    .   (no shield)
rNeg     + + +     Spirit   .   a - +1 robe
rPois    ∞         Reflect  .   (no helmet)
rElec    .         Harm     .   (no cloak)
rCorr    .         Rampage  .   (no gloves)
Will     .....                  (no boots)
Stlth    ++........             b - amulet of inaccuracy (curse)
HPRegen  0.00/turn              i - +4 ring of slaying
MPRegen  0.10/turn              (no ring)

@: no status effects
A: claws 1, cold resistance 1, negative energy resistance 3, inhibited
regeneration, torment resistance, unbreathing
a: no special abilities


You were on level 4 of the Dungeon.
You visited 1 branch of the dungeon, and saw 3 of its levels.

You collected 94 gold pieces.

Inventory:

Hand Weapons
 o - a +0 club
Missiles
 d - 3 boomerangs
 l - 78 stones
 m - 24 sling bullets
Armour
 a - a +1 robe (worn)
 r - a +0 leather armour of cold resistance
Jewellery
 b - a cursed amulet of inaccuracy (around neck)
 i - a +4 ring of slaying (left claw)
 k - an uncursed amulet of reflection {unknown}
 s - a cursed ring of attention {unknown}
Scrolls
 f - 3 scrolls of identify {unknown}
 g - 2 scrolls of teleportation
 j - 2 scrolls of enchant armour
 n - 4 scrolls of remove curse {unknown}
 p - a scroll of fog {unknown}
 q - 2 scrolls of noise {unknown}
Potions
 c - a potion of attraction {unknown}
 e - 2 potions of curing {unknown}
 h - a potion of lignification {unknown}


   Skills:
 * Level 1.3 Fighting
 + Level 2.0 Dodging
 + Level 2.3 Stealth
 * Level 2.5 Unarmed Combat
 + Level 2.0 Spellcasting
 + Level 4.6 Necromancy


You had 6 spell levels left.
You knew the following spells:

 Your Spells              Type           Power        Failure   Level
a - Pain                  Necr           40%          4%          1

Your spell library contained the following spells:

 Spells                   Type           Power        Failure   Level
 Animate Skeleton         Necr           20%          4%          1
 Vampiric Draining        Necr           5%           14%         3
 Animate Dead             Necr           5%           43%         4
 Agony                    Necr           10%          78%         5


Dungeon Overview and Level Annotations

Branches:
Dungeon (2/15)

Altars:


Innate Abilities, Weirdness & Mutations

You thrive by killing the living.
You are immune to poison.
You have sharp fingernails.
Your flesh is cold resistant. (rC+)
You are immune to negative energy. (rN+++)
You do not regenerate when monsters are visible.
You are immune to unholy pain and torment.
You can survive without breathing.


Message History

The hound is heavily wounded.
The hound bites you.
* * * LOW HITPOINT WARNING * * *
The hound bites you.
* * * LOW HITPOINT WARNING * * *
You scratch the hound but do no damage.
The hound is heavily wounded.
The hound barely misses you.
You closely miss the hound.
The hound is heavily wounded.
The hound barely misses you.
Casting: Pain (safe; 4% risk of failure)
Confirm with . or Enter, or press ? or * to list all spells.
Aiming: Pain (safe; 4% risk of failure)
Press: ? - help, Shift-Dir - straight line, f/p - hound
Aim: a hound (heavily wounded, chance to affect: 71%)
The hound struggles to resist.
The hound bites you.
* * * LOW HITPOINT WARNING * * *
The hound bites you.
You die...

.....##..... #...
.........# #...##
#.......#####
......#####...........#
....................S.##
..>?....................
............##..†.....#
.......#######......####
......h@.......S.?......
.......######....##.####
.$.....#.........# ....#
#................##..#.
#..........h.........# #
#....................#..
#.(.....[...............
#.......................
..####.######.....


You could see a hound.

Vanquished Creatures
  A worker ant (D:4)
  3 adders (D:2)
  3 dart slugs
  2 ball pythons
  A giant cockroach (D:1)
  6 hobgoblins
  A bat (D:1)
  5 goblins
  A jackal skeleton (D:2)
  3 kobolds
  3 rats
29 creatures vanquished.

Notes
Turn   | Place    | Note
-------+----------+-------------------------------------------
     0 | D:1      | jestyr24 the Ghoul Necromancer began the quest for the Orb.
     0 | D:1      | Reached XP level 1. HP: 14/14 MP: 2/2
   395 | D:1      | Reached XP level 2. HP: 17/20 MP: 0/3
   665 | D:1      | Reached skill level 1 in Fighting
  1032 | D:2      | Reached XP level 3. HP: 19/28 MP: 4/4
  1173 | D:2      | Reached skill level 1 in Unarmed Combat
  1362 | D:2      | Reached XP level 4. HP: 31/35 MP: 0/5
  1446 | D:2      | You fall into a shaft and drop 2 floors!
  1452 | D:4      | Noticed an ogre
  1626 | D:4      | Slain by a hound

Illustrated notes

Levels and vault maps discovered:
D:1:      saegor_arrival_simple_c, layout_basic, minmay_tetromino_o4
D:2:      layout_basic, grunt_gozag_statues, minmay_lizard_pond, uniq_natasha
D:4:      layout_basic, led_sif_book, uniq_duvessa, uniq_eustachio,
          uniq_menkaure

Skill      XL: |  1  2  3  4 |
---------------+-------------+-----
Fighting       | 1 |  1.3
Unarmed Combat | 2 |  2.5
Dodging        | 2 |  2.0
Spellcasting   | 2 |  2.0
Stealth        | |  2.3
Necromancy     | |  4.6

Action                   |  1- 3 |  4- 6 || total
-------------------------+-------+-------++-------
Melee: Unarmed           |    79 |    14 ||    93
       Punch             |     1 |       ||     1
 Cast: Pain              |    19 |    10 ||    29
  Use: Scroll            |     3 |       ||     3
Armor: Robe              |    11 |     1 ||    12
Dodge: Dodged            |    44 |    14 ||    58

Table legend: (Time is in decaauts)
 A = Elapsed time spent in this place.
 B = Non-inter-level travel time spent in this place.
 C = Inter-level travel time spent in this place.
 D = Time resting spent in this place.
 E = Time spent auto-exploring this place.
 F = Levels seen in this place.
 G = Mean time per level.
                   A        B        C        D        E       F      G
               +--------+--------+--------+--------+--------+-----+--------+
         Total |   1622 |   1622 |      0 |    562 |    550 |   3 |  540.7 |
       Dungeon |   1622 |   1622 |      0 |    562 |    550 |   3 |  540.7 |
               +--------+--------+--------+--------+--------+-----+--------+

Top non-repeatable levels by time:
     D:1: 965 daAuts
     D:2: 478 daAuts
     D:4: 179 daAuts
